TOP OF THE 1ST |
Houston Marshals batting - Pitching for Vista Panthers : RHP Paco Canpos
|
Pitching: RHP Paco Canpos
|
|
Batting: RHB David Murray
|
0-0: Ball 1-0: Ball 2-0: Called Strike 2-1: Ground out 6-3 (Groundball, 6)
|
Batting: LHB Lewis Barr
|
0-0: Swinging Strike 0-1: Called Strike 0-2: Ball 1-2: Strikes out looking
|
Batting: LHB Matt Smith
|
0-0: Called Strike 0-1: Called Strike 0-2: Ground out 6-3 (Groundball, 6)
|
Top of the 1st over - 0 run(s), 0 hit(s), 0 error(s), 0 left on base; Houston 0 - Vista 0 |
BOTTOM OF THE 1ST |
Vista Panthers batting - Pitching for Houston Marshals : LHP Braydon Schute
|
Pitching: LHP Braydon Schute
|
|
Batting: RHB John Mendelson
|
0-0: Swinging Strike 0-1: Swinging Strike 0-2: Strikes out looking
|
Batting: RHB Roberto Cruz
|
0-0: Ball 1-0: Ball 2-0: Ball 3-0: Called Strike 3-1: Called Strike 3-2: Foul Ball, location: 2F 3-2: Foul Ball, location: 2F 3-2: Foul Ball, location: 2F 3-2: Ground out U3 (Groundball, 3L)
|
Batting: LHB Bob Cunningham
|
0-0: Swinging Strike 0-1: Ball 1-1: Ball 2-1: Ground out 4-3 (Groundball, 4)
|
Bottom of the 1st over - 0 run(s), 0 hit(s), 0 error(s), 0 left on base; Houston 0 - Vista 0 |
TOP OF THE 2ND |
Houston Marshals batting - Pitching for Vista Panthers : RHP Paco Canpos
|
Batting: LHB José Rodríguez
|
0-0: Ball 1-0: Called Strike 1-1: Foul Ball, location: 2F 1-2: Strikes out swinging
|
Batting: LHB John Peterson
|
0-0: Called Strike 0-1: Called Strike 0-2: Ball 1-2: Foul Ball, location: 2F 1-2: Ball 2-2: Foul Ball, location: 2F 2-2: Ball 3-2: Foul Ball, location: 2F 3-2: SINGLE (Groundball, 34D)
|
Batting: LHB Kent MacDulothe
|
0-0: SINGLE (Groundball, 34D) John Peterson to second Runner from 2nd tries for 3rd, OUT! Kent MacDulothe to second
|
Batting: SHB Ramón Lugo
|
0-0: Ball 1-0: Ball 2-0: Swinging Strike 2-1: Ball 3-1: Foul Ball, location: 2F 3-2: Fly out, F4 (Popup, 4D)
|
Top of the 2nd over - 0 run(s), 2 hit(s), 0 error(s), 1 left on base; Houston 0 - Vista 0 |
BOTTOM OF THE 2ND |
Vista Panthers batting - Pitching for Houston Marshals : LHP Braydon Schute
|
Batting: RHB Cisco Gatán
|
0-0: Ball 1-0: Fly out, F8 (Flyball, 89D)
|
Batting: LHB Donovan Bird
|
0-0: Ball 1-0: DOUBLE (Line Drive, 7LM)
|
Batting: RHB Griswold Coleman
|
0-0: Called Strike 0-1: Called Strike 0-2: Ball 1-2: Ball 2-2: Ball 3-2: Foul Ball, location: 2F 3-2: Fly out, F9 (Flyball, 9S)
|
Batting: RHB Salvador Salas
|
0-0: Ground out 5-3 (Groundball, 56)
|
Bottom of the 2nd over - 0 run(s), 1 hit(s), 0 error(s), 1 left on base; Houston 0 - Vista 0 |
TOP OF THE 3RD |
Houston Marshals batting - Pitching for Vista Panthers : RHP Paco Canpos
|
Batting: SHB Juan Gómez
|
0-0: Ball 1-0: Swinging Strike 1-1: Foul Ball, location: 2F 1-2: Fly out, F8 (Flyball, 8RM)
|
Batting: RHB Jim Tracy
|
0-0: Ball 1-0: Ground out 3-1 (Groundball, 34S)
|
Batting: RHB David Murray
|
0-0: Called Strike 0-1: Ball 1-1: Ground out 6-3 (Groundball, 56)
|
Top of the 3rd over - 0 run(s), 0 hit(s), 0 error(s), 0 left on base; Houston 0 - Vista 0 |
BOTTOM OF THE 3RD |
Vista Panthers batting - Pitching for Houston Marshals : LHP Braydon Schute
|
Batting: RHB Phil Matthews
|
0-0: Foul Ball, location: 2F 0-1: Ball 1-1: Ball 2-1: Called Strike 2-2: SINGLE (Line Drive, 56)
|
Batting: RHB Justin Burgess
|
0-0: SINGLE (Groundball, 56D) Phil Matthews to second
|
Batting: RHB John Mendelson
|
0-0: Ball 1-0: Ball 2-0: Foul Ball, location: 2F 2-1: Ball 3-1: Swinging Strike 3-2: Fielders Choice at 2nd, 6-4 (Groundball, 6) Phil Matthews to third
|
Batting: RHB Roberto Cruz
|
0-0: Ball 1-0: Ball 2-0: Foul Ball, location: 2F 2-1: Foul Ball, location: 2F 2-2: Strikes out swinging
|
Batting: LHB Bob Cunningham
|
0-0: Called Strike 0-1: Ground out 4-3 (Groundball, 34)
|
Bottom of the 3rd over - 0 run(s), 2 hit(s), 0 error(s), 2 left on base; Houston 0 - Vista 0 |
TOP OF THE 4TH |
Houston Marshals batting - Pitching for Vista Panthers : RHP Paco Canpos
|
Batting: LHB Lewis Barr
|
0-0: Called Strike 0-1: Swinging Strike 0-2: Strikes out swinging
|
Batting: LHB Matt Smith
|
0-0: Called Strike 0-1: Ball 1-1: Ball 2-1: Ball 3-1: Foul Ball, location: 2F 3-2: Foul Ball, location: 2F 3-2: Strikes out swinging
|
Batting: LHB José Rodríguez
|
0-0: Foul Ball, location: 2F 0-1: Swinging Strike 0-2: Ball 1-2: Strikes out swinging
|
Top of the 4th over - 0 run(s), 0 hit(s), 0 error(s), 0 left on base; Houston 0 - Vista 0 |
BOTTOM OF THE 4TH |
Vista Panthers batting - Pitching for Houston Marshals : LHP Braydon Schute
|
Batting: RHB Cisco Gatán
|
0-0: Ball 1-0: Foul Ball, location: 2F 1-1: Ball 2-1: Swinging Strike 2-2: Reached on error, E6 (Groundball, 6)
|
Batting: LHB Donovan Bird
|
0-0: Foul Ball, location: 2F 0-1: Ball 1-1: Called Strike 1-2: Ground out 4-3 (Groundball, 4S) Cisco Gatán to third
|
Batting: RHB Griswold Coleman
|
0-0: Ball 1-0: Called Strike 1-1: Ball 2-1: Foul Ball, location: 2F 2-2: 2-RUN HOME RUN (Flyball, 7D), Distance : 436 ft
|
Batting: RHB Salvador Salas
|
0-0: Fly out, F4 (Popup, 4D)
|
Batting: RHB Phil Matthews
|
0-0: Ball 1-0: Ground out 5-3 (Groundball, 56S)
|
Bottom of the 4th over - 2 run(s), 1 hit(s), 1 error(s), 0 left on base; Houston 0 - Vista 2 |
TOP OF THE 5TH |
Houston Marshals batting - Pitching for Vista Panthers : RHP Paco Canpos
|
Batting: LHB John Peterson
|
0-0: Ball 1-0: Ball 2-0: Called Strike 2-1: Ball 3-1: Called Strike 3-2: Ground out 4-3 (Groundball, 4M)
|
Batting: LHB Kent MacDulothe
|
0-0: Swinging Strike 0-1: Swinging Strike 0-2: Strikes out swinging
|
Batting: SHB Ramón Lugo
|
0-0: Foul Ball, location: 2F 0-1: Ball 1-1: Foul Ball, location: 2F 1-2: Ball 2-2: Ball 3-2: Ground out U3 (Groundball, 34)
|
Top of the 5th over - 0 run(s), 0 hit(s), 0 error(s), 0 left on base; Houston 0 - Vista 2 |
BOTTOM OF THE 5TH |
Vista Panthers batting - Pitching for Houston Marshals : LHP Braydon Schute
|
Batting: RHB Justin Burgess
|
0-0: Ball 1-0: Ball 2-0: Called Strike 2-1: Ball 3-1: Called Strike 3-2: Strikes out looking
|
Batting: RHB John Mendelson
|
0-0: Called Strike 0-1: Called Strike 0-2: Ball 1-2: Ball 2-2: Ball 3-2: Base on Balls
|
Batting: RHB Roberto Cruz
|
0-0: Called Strike 0-1: Ball 1-1: Ball 2-1: Called Strike 2-2: Ball 3-2: Base on Balls John Mendelson to second
|
Pitching: RHP Dave Rhodes
|
|
Batting: LHB Bob Cunningham
|
0-0: Ball 1-0: Grounds into double play, 4-6-3 (Groundball, 4)
|
Bottom of the 5th over - 0 run(s), 0 hit(s), 0 error(s), 1 left on base; Houston 0 - Vista 2 |
TOP OF THE 6TH |
Houston Marshals batting - Pitching for Vista Panthers : RHP Paco Canpos
|
Batting: SHB Juan Gómez
|
0-0: Foul Ball, location: 2F 0-1: SINGLE (Groundball, 4MD)
|
Batting: RHB Jim Tracy
|
0-0: Grounds into double play, 4-6-3 (Groundball, 4)
|
Batting: RHB David Murray
|
0-0: Called Strike 0-1: Ball 1-1: Foul Ball, location: 2F 1-2: Ball 2-2: Fly out, F8 (Flyball, 8RD)
|
Top of the 6th over - 0 run(s), 1 hit(s), 0 error(s), 0 left on base; Houston 0 - Vista 2 |
BOTTOM OF THE 6TH |
Vista Panthers batting - Pitching for Houston Marshals : RHP Dave Rhodes
|
Batting: RHB Cisco Gatán
|
0-0: Called Strike 0-1: Ball 1-1: Called Strike 1-2: Ball 2-2: Foul Ball, location: 2F 2-2: SINGLE (Groundball, 56D)
|
Batting: LHB Donovan Bird
|
0-0: SINGLE (Groundball, 34) (infield hit) Cisco Gatán to second
|
Batting: RHB Griswold Coleman
|
0-0: Fly out, F9 (Flyball, 89S)
|
Batting: RHB Salvador Salas
|
0-0: Swinging Strike 0-1: Foul Ball, location: 2F 0-2: Grounds into double play, 4-6-3 (Groundball, 4M)
|
Bottom of the 6th over - 0 run(s), 2 hit(s), 0 error(s), 1 left on base; Houston 0 - Vista 2 |
TOP OF THE 7TH |
Houston Marshals batting - Pitching for Vista Panthers : RHP Paco Canpos
|
Batting: LHB Lewis Barr
|
0-0: Called Strike 0-1: Ball 1-1: Foul Ball, location: 2F 1-2: Ground out 4-3 (Groundball, 4)
|
Batting: LHB Matt Smith
|
0-0: Called Strike 0-1: Swinging Strike 0-2: Foul Ball, location: 2F 0-2: Ball 1-2: Ball 2-2: Strikes out looking
|
Batting: LHB José Rodríguez
|
0-0: Ball 1-0: Ground out 4-3 (Groundball, 4)
|
Top of the 7th over - 0 run(s), 0 hit(s), 0 error(s), 0 left on base; Houston 0 - Vista 2 |
BOTTOM OF THE 7TH |
Vista Panthers batting - Pitching for Houston Marshals : RHP Dave Rhodes
|
Batting: RHB Phil Matthews
|
0-0: Ball 1-0: Ball 2-0: Called Strike 2-1: Ball 3-1: Fly out, F8 (Flyball, 8RM)
|
Batting: RHB Justin Burgess
|
0-0: Called Strike 0-1: Called Strike 0-2: SINGLE (Groundball, 6MD)
|
Batting: RHB John Mendelson
|
0-0: Ball 1-0: Called Strike 1-1: Ground out 4-3 (Groundball, 34) Justin Burgess to second
|
Batting: RHB Roberto Cruz
|
0-0: Swinging Strike 0-1: Called Strike 0-2: Reached via error on a dropped throw, E3 Justin Burgess to third
|
Batting: LHB Bob Cunningham
|
0-0: Ball 1-0: Swinging Strike 1-1: Ground out 3-1 (Groundball, 34S)
|
Bottom of the 7th over - 0 run(s), 1 hit(s), 1 error(s), 2 left on base; Houston 0 - Vista 2 |
TOP OF THE 8TH |
Houston Marshals batting - Pitching for Vista Panthers : RHP Paco Canpos
|
Batting: LHB John Peterson
|
0-0: Called Strike 0-1: Ball 1-1: Ball 2-1: Ball 3-1: SINGLE (Line Drive, 4M)
|
Batting: LHB Kent MacDulothe
|
0-0: Called Strike 0-1: Foul Ball, location: 2F 0-2: Strikes out swinging
|
Pitching: RHP António López
|
|
Batting: SHB Ramón Lugo
|
0-0: Foul Ball, location: 2F 0-1: Foul Ball, location: 2F 0-2: Ball 1-2: Grounds into double play, 6-4-3 (Groundball, 6)
|
Top of the 8th over - 0 run(s), 1 hit(s), 0 error(s), 0 left on base; Houston 0 - Vista 2 |
BOTTOM OF THE 8TH |
Vista Panthers batting - Pitching for Houston Marshals : RHP Dave Rhodes
|
Batting: RHB Cisco Gatán
|
0-0: Foul Ball, location: 2F 0-1: Swinging Strike 0-2: Foul Ball, location: 2F 0-2: Ball 1-2: Ball 2-2: Foul Ball, location: 2F 2-2: Strikes out swinging
|
Pitching: LHP Alfonso Ramos
|
|
Batting: LHB Donovan Bird
|
0-0: Ball 1-0: Called Strike 1-1: Fly out, F3 (Popup, 3L)
|
Batting: RHB Griswold Coleman
|
0-0: Foul Ball, location: 2F 0-1: Ball 1-1: Ball 2-1: Swinging Strike 2-2: Ball 3-2: Strikes out swinging
|
Bottom of the 8th over - 0 run(s), 0 hit(s), 0 error(s), 0 left on base; Houston 0 - Vista 2 |
TOP OF THE 9TH |
Houston Marshals batting - Pitching for Vista Panthers : RHP António López
|
Pitching: RHP David Simpson
|
|
Batting: SHB Juan Gómez
|
0-0: Fly out, F9 (Flyball, 9)
|
Batting: RHB Jim Tracy
|
0-0: Ball 1-0: Swinging Strike 1-1: Ball 2-1: Ball 3-1: Base on Balls
|
Pinch Hitting: RHB Chris Parker
|
0-0: Foul Ball, location: 2F 0-1: Ball 1-1: Ball 2-1: Swinging Strike 2-2: Fly out, F9 (Flyball, 89S)
|
Batting: LHB Lewis Barr
|
0-0: Called Strike 0-1: Swinging Strike 0-2: Ball 1-2: Strikes out swinging
|
Top of the 9th over - 0 run(s), 0 hit(s), 0 error(s), 1 left on base; Houston 0 - Vista 2 |
|